 Dungeon Crawl Stone Soup version 0.21.1-1-g345015f (webtiles) character file.

126 Iko the Magician (level 4, 0/34 HPs)
             Began as a Centaur Wizard on May 8, 2018.
             Was an Initiate of Okawaru.
             Shot with an arrow by a centaur (9 damage)
             ... on level 5 of the Dungeon.
             The game lasted 00:08:29 (831 turns).

Iko the Magician (Centaur Wizard)                    Turns: 831, Time: 00:08:30

Health: 0/34       AC:  4    Str:  9    XL:     4   Next: 83%
Magic:  9/9        EV:  9    Int: 17    God:    Okawaru [......]
Gold:   64         SH:  0    Dex:  9    Spells: 8/9 levels left

rFire    + . .     SeeInvis .   e - +0 dagger
rCold    + . .     Gourm    .   (no shield)
rNeg     . . .     Faith    .   i - +0 leather armour
rPois    .         Spirit   .   b - +0 hat
rElec    .         Reflect  .   f - scarf {rC+ rF+}
rCorr    .         Harm     .   (no gloves)
MR       .....                  (no barding)
Stlth    +.........             g - amulet of regeneration
HPRegen  0.51/turn              (no ring)
MPRegen  0.11/turn              (no ring)

@: very quick
A: large, hooves 3, deformed body, speed 2, tough skin 3
a: Renounce Religion


You were on level 5 of the Dungeon.
You worshipped Okawaru.
Okawaru was noncommittal.
You were not hungry.

You visited 1 branch of the dungeon, and saw 5 of its levels.

You collected 64 gold pieces.

Inventory:

Hand Weapons
 e - a +0 dagger (weapon)
Armour
 b - a +0 hat (worn)
 f - a scarf of resistance (worn)
 i - a +0 leather armour (worn)
Jewellery
 g - an amulet of regeneration (around neck)
Potions
 j - a potion of flight
Books
 c - a book of Minor Magic

   Spells                             Type                      Level
   a - Magic Dart                     Conjuration                  1
   b - Blink                          Translocation                2
   c - Call Imp                       Summoning                    2
   d - Slow                           Hexes                        2
   e - Conjure Flame                  Conjuration/Fire             3
   f - Mephitic Cloud                 Conjuration/Poison/Air       3
Comestibles
 d - 4 rations


   Skills:
 + Level 0.7 Fighting
 + Level 1.3 Short Blades
 + Level 0.2 Armour
 + Level 2.0 Dodging
 + Level 1.4 Stealth
 + Level 3.4 Spellcasting
 + Level 0.9 Conjurations
   Level 0.8 Summonings
   Level 0.8 Translocations


You had 8 spell levels left.
You knew the following spells:

 Your Spells              Type           Power        Failure   Level  Hunger
a - Magic Dart            Conj           #...         16%         1    None


Dungeon Overview and Level Annotations

Branches:
Dungeon (5/15)
 Temple: D:4-7

Altars:
Okawaru

Annotations:
D:3 Krilegs's ghost, amateur HaHu


Innate Abilities, Weirdness & Mutations

You have hooves in place of feet.
Armour fits poorly on your strangely shaped body.
You cover ground very quickly.
You have extremely tough skin. (AC +3)


Message History

The hound is lightly wounded.
The hound barely misses you.
The centaur wields a shortbow.
The centaur shoots an arrow.
The arrow hits you. The hound bites you. The hound bites you.
Found a stone staircase leading down.
You hit the hound but do no damage. The hound bites you.
The hound barely misses you.
You hit the hound but do no damage. Your kick misses the hound.
The hound barely misses you.
You barely miss the hound. The hound bites you.
You barely miss the hound. Your kick misses the hound. The hound bites you.
* * * LOW HITPOINT WARNING * * *
The hound closely misses you. The hound bites you.
* * * LOW HITPOINT WARNING * * *
A shadow imp comes into view.
The shadow imp shouts!
The centaur shoots an arrow.
The arrow hits you!
You die...

#(......<.....#
#.........#.#.#
#...............
######..#####.##
#.........
#O######.#
######..c...# #
............##.#
..........h.@>.#
###...####.###..#
..... #... .#
####.. ...... #
## ........#
.5..####.# ......
# ......#


You could see an ogre, a centaur and a hound.

Vanquished Creatures
  An ogre (D:4)
  2 adders
  A worm (D:4)
  A leopard gecko (D:2)
  3 giant cockroaches
  A goblin (D:2)
  7 jackals (D:4)
  A ball python (D:4)
  2 bats (D:2)
  A frilled lizard (D:3)
  A rat (D:2)
21 creatures vanquished.

Notes
Turn   | Place    | Note
-------+----------+-------------------------------------------
     0 | D:1      | Iko the Centaur Wizard began the quest for the Orb.
     0 | D:1      | Reached XP level 1. HP: 14/14 MP: 3/3
   108 | D:2      | Learned a level 1 spell: Magic Dart
   364 | D:3      | Reached XP level 2. HP: 19/20 MP: 1/5
   382 | D:3      | Noticed Krilegs's ghost (amateur HaHu)
   400 | D:3      | Reached skill level 3 in Spellcasting
   476 | D:4      | Reached XP level 3. HP: 19/26 MP: 7/7
   539 | D:4      | Found an iron altar of Okawaru.
   582 | D:4      | Became a worshipper of Warmaster Okawaru
   746 | D:4      | Noticed an ogre
   759 | D:4      | Killed an ogre
   759 | D:4      | Reached skill level 1 in Short Blades
   759 | D:4      | Reached XP level 4. HP: 10/34 MP: 6/9
   813 | D:5      | Entered Level 5 of the Dungeon
   813 | D:5      | Noticed an ogre
   815 | D:5      | Noticed a centaur
   831 | D:5      | Shot with an arrow by a centaur

Skill      XL: |  1  2  3 |
---------------+----------+-----
Spellcasting   | 3 |  3.4
Short Blades   | 1 |  1.3
Dodging        | 2 |  2.0
Fighting       | |  0.7
Armour         | |  0.2
Stealth        | |  1.4
Conjurations   | |  0.9
Summonings     | |  0.8
Translocations | |  0.8

Action                   |  1- 3 |  4- 6 || total
-------------------------+-------+-------++-------
Melee: Dagger            |    86 |    20 ||   106
       Unarmed           |     8 |       ||     8
       Kick              |    12 |     3 ||    15
Throw: Throwing net      |       |     1 ||     1
 Cast: Magic Dart        |    18 |     1 ||    19
  Use: Scroll            |     5 |       ||     5
       Potion            |     5 |       ||     5
 Stab: Invisible         |     1 |       ||     1
Armor: Robe              |    22 |       ||    22
       Leather armour    |    23 |     7 ||    30
       Skin              |     1 |       ||     1
Dodge: Dodged            |    68 |    19 ||    87
